 Dungeon Crawl Stone Soup version 0.25.0-1-g7eea58d2a3 (webtiles) character file.

Game seed: 9872946960618275043

324894 Froggeryz the Hoplite (level 20, -10/200 HPs)
             Began as a Minotaur Berserker on June 13, 2020.
             Was the Champion of Trog.
             Hit by a large rock thrown by a stone giant (21 damage)
             ... on level 5 of the Vaults.
             The game lasted 01:13:34 (45158 turns).

Froggeryz the Hoplite (Minotaur Berserker)         Turns: 45158, Time: 01:13:35

Health: -10/200    AC: 30    Str: 27    XL:     20   Next: 72%
Magic:  19/19      EV: 16    Int:  4    God:    Trog [******]
Gold:   2728       SH: 18    Dex: 17    Spells: 19/19 levels left

rFire    . . .     SeeInvis .   G - +9 broad axe (freeze)
rCold    + . .     Gourm    .   y - +0 kite shield {reflect}
rNeg     . . .     Faith    +   v - +2 crystal plate armour
rPois    +         Spirit   .   o - +2 hat
rElec    +         Reflect  +   S - +1 cloak of Starlight {rElec rC+ EV+4 Stlth--}
rCorr    +         Harm     .   P - +0 pair of gloves "Kirousemm" {rCorr Dex+3 Slay+3} (curse)
MR       +....                  T - +2 pair of boots {Fly}
Stlth    ..........             b - amulet of faith
HPRegen  0.43/turn              q - ring of resist corrosion
MPRegen  0.16/turn              l - ring of poison resistance

@: corroded, lightly drained
A: retaliatory headbutt, horns 2
}: 2/15 runes: serpentine, barnacled
a: Berserk, Trog's Hand, Brothers in Arms, Renounce Religion, Evoke Flight


You were on level 5 of the Vaults.
You worshipped Trog.
Trog was exalted by your worship.
You were not hungry.

You visited 7 branches of the dungeon, and saw 36 of its levels.
You visited the Abyss 1 time.
You also visited: Sewer, Bailey and Volcano.

You collected 4144 gold pieces.
You spent 1416 gold pieces at shops.

Inventory:

Hand Weapons
 G - a +9 broad axe of freezing (weapon)
 V - the +2 broad axe of the Battered Souls {flame, Dex+6}
   (Trog gifted it to you on level 4 of the Snake Pit)

   It has been specially enchanted to burn those struck by it, causing extra
   injury to most foes and up to half again as much damage against particularly
   susceptible opponents.
   Big, fiery blades are also staple armaments of hydra-hunters.
   It affects your dexterity (+6).
Missiles
 D - 9 throwing nets (quivered)
Armour
 o - a +2 hat (worn)
 v - a +2 crystal plate armour (worn)
 y - a +0 kite shield of reflection (worn)
 F - a +0 chain mail of fire resistance
 P - the cursed +0 pair of gloves "Kirousemm" (worn) {rCorr Dex+3 Slay+3}
   (You found it on level 12 of the Dungeon)

   It affects your dexterity (+3).
   It affects your accuracy and damage with ranged weapons and melee attacks
   (+3).
   It provides partial protection from all sources of acid and corrosion.
   It has a curse placed upon it.
 S - the +1 cloak of Starlight (worn) {rElec rC+ EV+4 Stlth--}
   (You bought it in a shop on level 2 of the Orcish Mines)

   It affects your evasion (+4).
   It protects you from cold.
   It insulates you from electricity.
   It makes you much less stealthy.
 T - a +2 pair of boots of flying (worn)
 U - a +0 tower shield
Jewellery
 b - an amulet of faith (around neck)
 l - a ring of poison resistance (right hand)
 q - a ring of resist corrosion (left hand)
 s - an uncursed ring of positive energy
 t - an uncursed ring of protection from fire
Wands
 e - a wand of polymorph (10)
 K - a wand of paralysis (20)
 L - a wand of flame (81)
 N - a wand of iceblast (27)
 O - a wand of random effects (48)
 Q - a wand of acid (21)
 R - a wand of digging (9)
Scrolls
 g - 4 scrolls of fear
 h - 17 scrolls of identify
 k - 18 scrolls of remove curse
 m - 11 scrolls of teleportation
 r - 7 scrolls of blinking
 u - 4 scrolls of enchant armour
 x - 4 scrolls of fog
 z - 4 scrolls of immolation
 A - 8 scrolls of magic mapping
 E - a scroll of silence
Potions
 a - 4 potions of stabbing
 d - 6 potions of lignification
 f - 2 potions of magic
 i - 3 potions of might
 j - 4 potions of curing
 n - 3 potions of cancellation {unknown}
 p - a potion of ambrosia
 w - 6 potions of invisibility
 B - 6 potions of haste
 C - 2 potions of flight
 H - 6 potions of resistance
 I - 2 potions of berserk rage
Comestibles
 c - 53 rations


   Skills:
 - Level 22.0(21.2) Fighting
 - Level 20.4(19.7) Axes
 - Level 14.0(13.4) Armour
 - Level 11.5(10.9) Dodging
 + Level 24.3(23.5) Shields


You had 19 spell levels left.
You didn't know any spells.
Your spell library was empty.

Dungeon Overview and Level Annotations

Branches:
Dungeon (14/15)            Temple (0/1) D:7            Lair (6/6) D:9
 Shoals (4/4) Lair:4        Snake (4/4) Lair:2        Slime (0/5) Lair:5
    Orc (2/2) D:12            Elf (0/3) Orc:2        Vaults (5/5) D:14
  Crypt (1/3) Vaults:2      Sewer (visited)          Bailey (visited)
Volcano (visited)

Altars:
Ashenzari
Cheibriados
Elyvilon
Fedhas
Gozag
Hepliaklqana
Kikubaaqudgha
Makhleb
Okawaru
Ru
Sif Muna
Trog
Uskayaw
Vehumet
Wu Jian
Yredelemnul
Zin
The Shining One
Beogh
Jiyva

Shops:
D:4 *   D:12 }   D:14 (   Orc:1 (   Orc:2 [}!}   Snake:2 }=}   Snake:4 =
Vaults:2 [   Vaults:3 !

Annotations:
Lair:2 exclusion: oklob plant
Lair:5 1 runed translucent door, exclusion: oklob plant
Vaults:5 Xtahua


Innate Abilities, Weirdness & Mutations

You reflexively headbutt those who attack you in melee.
You have a pair of horns on your head.


Message History

* * * LOW HITPOINT WARNING * * *
An orc warrior comes into view. It is wielding a +0 war axe.
Found five items.
A stone giant and a titan come into view.
You feel much better.
You are covered in liquid flames!
* * * LOW HITPOINT WARNING * * *
The titan waves its arms in wide circles.
The air twists around and strikes you!
* * * LOW HITPOINT WARNING * * *
The stone giant throws a large rock.
You reflect the large rock off your +0 kite shield of reflection!
The large rock hits the stone giant!
A flayed ghost comes into view.
Unknown command.
As you read the scroll of fog, it crumbles to dust.
The scroll dissolves into smoke.
The titan hits you!
* * * LOW HITPOINT WARNING * * *
The stone giant throws a large rock.
The large rock hits you!!
You die...

....... ..#....
.....) #...= ..
....#####...
#...$.(...#
#.§§§§....# #.
#@# #.
......§C§......
#.
.....C.........
#. #.
##..#o#.#.#.#.#
##..#. ...
W...... ..
..*.#. ..
......... ..
(Q.(. # ### ###
### # ####...
#........
....(..
#...oOH..
....(.<


You could see a titan, a stone giant, a flayed ghost and an orc warrior.

Vanquished Creatures
  An ancient lich (Vaults:4)
  Rupert (D:14)
  A lich (Vaults:4)
  Jorgrun (D:12)
  Asterion (Vaults:1)
  2 titans (Vaults:4)
  2 krakens (Shoals:4)
  2 sphinxes (Vaults:1)
  Frances (D:13)
  Kirke (D:13)
  Donald (Orc:2)
  10 nagarajas
  Roxanne (Snake:1)
  9 vault wardens
  A fire giant (Vaults:4)
  Aizul (Snake:3)
  A curse skull (Vaults:2)
  13 ironheart preservers
  A ghoul (Vaults:2)
  Nessos (D:14)
  A very ugly thing (Vaults:4)
  8 stone giants
  A minotaur (Shoals:3)
  Azrael (Orc:2)
  4 merfolk javelineers
  Snorg (D:12)
  3 fire dragons
  3 merfolk impalers
  An eidolon (Vaults:2)
  11 ogre magi
  9 yaktaur captains
  19 naga warriors
  The ghost of pentaxis93 the Thaumaturge, a journeyman OpCj of Sif Muna (Lair:4)
  2 ice dragons (Vaults:4)
  6 hydras
  3 catoblepae (Lair:6)
  2 great orbs of eyes
  A rakshasa (Vaults:3)
  Erolcha (Orc:2)
  2 death knights (Vaults:1)
  28 vault guards
  4 centaur warriors
  Erica (D:8)
  5 merfolk aquamancers (Shoals:4)
  4 merfolk avatars
  2 satyrs (Shoals:3)
  7 death yaks
  5 anacondas
  A vampire mage (Vaults:2)
  4 deep troll earth magi
  17 two-headed ogres
  A deep troll shaman (Vaults:4)
  16 naga sharpshooters
  8 shock serpents
  A hell knight (Vaults:1)
  8 deep elf knights
  Nergalle (Orc:2)
  2 fire crabs (shapeshifter)
  3 wizards
  2 shadow wraiths
  3 unseen horrors
  7 naga ritualists (Snake:4)
  5 skeletal warriors
  6 sea snakes
  2 flayed ghosts
  7 deep trolls
  A glowing orange brain (shapeshifter) (Vaults:1)
  A phantasmal warrior (Vaults:4)
  12 ironbrand convokers
  A lindwurm (Lair:6)
  2 deep elf archers
  16 harpies
  6 deep elf magi
  A necromancer (Vaults:2)
  22 orc knights
  4 mana vipers
  27 ugly things
  8 manticores
  An oklob plant (Shoals:2)
  4 wolf spiders
  9 orc sorcerers
  12 cyclopes
  7 fauns
  6 salamanders
  A stone giant skeleton (Vaults:2)
  A human skeleton (Vaults:2)
  An elephant (Shoals:3)
  13 guardian serpents
  5 merfolk sirens
  A fire giant skeleton (Vaults:2)
  Maurice (D:9)
  18 naga magi
  26 black mambas
  7 water nymphs
  11 vault sentinels
  13 spiny frogs
  4 gargoyles
  A spiny frog (shapeshifter) (Vaults:1)
  A smoke demon (Abyss:2)
  7 rime drakes
  3 komodo dragons
  19 yaktaurs
  3 freezing wraiths
  An efreet (D:14)
  21 merfolk
  7 trolls
  A meliai (shapeshifter) (Vaults:1)
  4 polar bears
  4 meliai (Shoals:3)
  A polar bear (shapeshifter) (Vaults:2)
  3 hornets
  11 slime creatures
  A raiju (shapeshifter) (Vaults:2)
  3 harpy skeletons (Volcano)
  11 snapping turtles
  4 dream sheep
  A slime creature (shapeshifter) (Vaults:2)
  13 hippogriffs
  2 blink frogs (shapeshifter)
  3 flying skulls (Volcano)
  An alligator skeleton (Volcano)
  3 tarantellas (shapeshifter)
  A vampire (D:11)
  3 wraiths
  6 water elementals (Shoals:4)
  2 hogs (shapeshifter)
  A human (shapeshifter) (Vaults:4)
  A yak (shapeshifter) (Vaults:2)
  62 yaks
  A steam dragon (D:13)
  7 hogs (D:13)
  2 hungry ghosts
  11 basilisks
  Grum (D:8)
  18 wyverns
  A fire elemental (Orc:1)
  16 humans (D:14)
  A vampire mosquito (D:12)
  2 human simulacra (Vaults:1)
  12 wargs
  48 nagas
  An acid dragon (Vaults:1)
  Menkaure (D:4)
  6 water moccasins
  9 porcupines
  4 hell hounds
  A floating eye (shapeshifter) (Vaults:1)
  28 orc warriors
  3 sky beasts
  6 ice beasts
  2 necrophages
  25 ogres
  2 black bears
  2 hornet zombies
  2 phantoms
  18 wolves
  18 centaurs
  8 boggarts
  11 crocodiles
  2 big kobolds (D:9)
  3 gnoll sergeants (D:5)
  20 bullfrogs
  A scorpion (D:8)
  23 killer bees
  2 wights (D:10)
  A spriggan skeleton (Volcano)
  5 howler monkeys
  2 troll skeletons (Volcano)
  9 crimson imps
  4 centaur zombies
  13 hounds
  A quasit (D:6)
  3 jellies
  21 orc priests
  4 gnoll shamans
  6 centaur skeletons
  A bullfrog skeleton (D:9)
  50 orc wizards
  5 iguanas
  10 worker ants
  2 hound zombies
  3 naga skeletons (Volcano)
  2 worker ant zombies
  31 gnolls
  17 adders
  5 shadow imps
  5 oozes
  2 adder skeletons
  5 worms
  A dart slug (D:1)
  8 leopard geckos
  132 orcs
  3 ball pythons
  12 giant cockroaches
  6 goblins
  8 hobgoblins
  10 jackals
  6 quokkas
  9 bats
  6 frilled lizards
  3 jackal skeletons
  19 kobolds
  2 leopard gecko skeletons
  12 rats
  5 fungi
  11 plants
  4 tentacles (Shoals:4)
1511 creatures vanquished.

Vanquished Creatures (collateral kills)
  2 skeletal warriors (Volcano)
  2 gargoyles (Volcano)
  A harpy skeleton (Volcano)
  A water moccasin (Lair:3)
6 creatures vanquished.

Vanquished Creatures (others)
  A salamander mystic (Snake:1)
  A naga (Snake:2)
  A warg (Vaults:5)
  An orc (Orc:2)
  7 fungi
  9 plants
  8 tentacles (Shoals:4)
  12 toadstools (Lair:5)
40 creatures vanquished.

Grand Total: 1557 creatures vanquished

Notes
Turn   | Place    | Note
-------+----------+-------------------------------------------
     0 | D:1      | Froggeryz the Minotaur Berserker began the quest for the
                  | Orb.
     0 | D:1      | Reached XP level 1. HP: 19/19 MP: 0/0
   124 | D:1      | Reached XP level 2. HP: 24/26 MP: 1/1
   324 | D:1      | Reached skill level 5 in Axes
   759 | D:2      | Reached XP level 3. HP: 31/31 MP: 2/2
   837 | D:2      | Reached ** piety under Trog
   846 | D:2      | Reached XP level 4. HP: 4/39 MP: 3/3
  1253 | D:2      | Found a hide-covered altar of Uskayaw.
  1253 | D:2      | Found a shattered altar of Ashenzari.
  1253 | D:2      | Found an iron altar of Okawaru.
  1783 | D:2      | Noticed an ice beast
  1789 | D:2      | Killed an ice beast
  1789 | D:2      | Reached XP level 5. HP: 45/45 MP: 4/4
  2001 | D:3      | Reached *** piety under Trog
  2109 | D:3      | Found a glowing drain.
  2124 | Sewer    | Entered a sewer
  2174 | Sewer    | Reached XP level 6. HP: 51/51 MP: 5/5
  2709 | D:3      | Reached **** piety under Trog
  3031 | D:3      | Found a radiant altar of Vehumet.
  3037 | D:3      | Found a bloodstained altar of Trog.
  3040 | D:3      | Found a sacrificial altar of Ru.
  3046 | D:3      | Found a glowing silver altar of Zin.
  3071 | D:3      | Found an ornate altar of the Wu Jian Council.
  3460 | D:4      | Noticed Menkaure
  3468 | D:4      | Killed Menkaure
  3468 | D:4      | Reached skill level 10 in Axes
  3468 | D:4      | Reached XP level 7. HP: 50/57 MP: 6/6
  3817 | D:4      | Found an opulent altar of Gozag.
  3860 | D:4      | Found a shimmering blue altar of Sif Muna.
  3935 | D:4      | Found Gozag's Platinum Reserve.
  3967 | D:5      | Entered Level 5 of the Dungeon
  4075 | D:5      | Found a white marble altar of Elyvilon.
  4368 | D:5      | Reached XP level 8. HP: 29/64 MP: 7/7
  4434 | D:5      | Reached ***** piety under Trog
  4434 | D:5      | Reached skill level 1 in Shields
  4437 | D:5      | Reached skill level 2 in Shields
  4738 | D:5      | Reached skill level 3 in Shields
  4871 | D:5      | Reached skill level 4 in Shields
  4904 | D:5      | Reached skill level 5 in Shields
  4904 | D:5      | HP: 2/64 [gnoll sergeant/+0 spear (7)]
  5103 | D:5      | Found a basalt altar of Yredelemnul.
  5190 | D:6      | Found a burning altar of Makhleb.
  5198 | D:6      | Reached skill level 6 in Shields
  5237 | D:6      | Received a gift from Trog
  5352 | D:6      | Reached XP level 9. HP: 66/72 MP: 8/8
  5532 | D:6      | Reached skill level 5 in Fighting
  5898 | D:6      | Found a blossoming altar of Fedhas.
  6877 | D:7      | Found a staircase to the Ecumenical Temple.
  7088 | D:8      | Found a snail-covered altar of Cheibriados.
  7091 | D:8      | Reached XP level 10. HP: 30/86 MP: 9/9
  7483 | D:8      | Noticed Grum
  7492 | D:8      | Killed Grum
  7748 | D:8      | Received a gift from Trog
  8490 | D:8      | Noticed Erica
  8509 | D:8      | Killed Erica
  8509 | D:8      | Reached skill level 15 in Axes
  9083 | D:9      | Found a staircase to the Lair.
  9122 | D:9      | Noticed Maurice
  9213 | D:9      | Found a flagged portal.
  9320 | Bailey   | Entered a bailey
 10218 | Bailey   | Noticed an orc knight
 10220 | Bailey   | Noticed an orc knight
 10450 | Bailey   | Killed an orc knight
 10450 | Bailey   | Reached XP level 11. HP: 99/99 MP: 10/10
 10465 | Bailey   | an orc knight changed into a water nymph
 10482 | Bailey   | Noticed an orc knight
 10692 | Bailey   | Killed an orc knight
 10692 | Bailey   | Reached skill level 10 in Fighting
 10952 | D:9      | Killed Maurice
 10952 | D:9      | Reached skill level 5 in Armour
 11359 | Lair:1   | Entered Level 1 of the Lair of Beasts
 12858 | Lair:1   | Found a hazy altar of Hepliaklqana.
 12939 | Lair:1   | Reached ****** piety under Trog
 13208 | Lair:2   | Found a staircase to the Snake Pit.
 13302 | Lair:2   | Reached skill level 10 in Armour
 13977 | Lair:2   | Noticed an oklob plant
 13993 | Lair:2   | Received a gift from Trog
 13993 | Lair:2   | Reached XP level 12. HP: 72/110 MP: 11/11
 14317 | Lair:3   | You fall into a shaft and drop 2 floors!
 14554 | Lair:5   | Reached skill level 7 in Shields
 14577 | Lair:5   | Found a dark tunnel.
 14582 | Volcano  | Entered a volcano
 14907 | Volcano  | Reached skill level 8 in Shields
 14937 | Volcano  | Got a smoking hand axe
 14938 | Volcano  | Identified the +1 hand axe of the Reaper {vorpal, +Inv
                  | Str+7} (You found it in a volcano)
 15595 | Lair:5   | Found a runed translucent door.
 15595 | Lair:5   | Found a viscous altar of Jiyva.
 15681 | Lair:5   | Found a staircase to the Slime Pits.
 15822 | Lair:5   | Found a blossoming altar of Fedhas.
 16020 | Lair:6   | Entered Level 6 of the Lair of Beasts
 16029 | Lair:6   | Received a gift from Trog
 16175 | Lair:6   | Reached skill level 9 in Shields
 16372 | Lair:4   | Found a runed translucent gate.
 16373 | Lair:4   | Found a runed translucent gate.
 16374 | Lair:4   | Found a runed translucent gate.
 16380 | Lair:4   | Noticed pentaxis93's ghost (journeyman OpCj)
 16386 | Lair:4   | Noticed a death yak
 16432 | Lair:4   | Killed a death yak
 16432 | Lair:4   | Killed pentaxis93's ghost
 16499 | Lair:4   | Noticed a seven-headed hydra
 16535 | Lair:4   | Killed a four-headed hydra
 16535 | Lair:4   | Reached XP level 13. HP: 77/116 MP: 12/12
 16970 | Lair:3   | Reached skill level 10 in Shields
 17972 | Lair:4   | Found a staircase to the Shoals.
 18428 | Lair:6   | Received a gift from Trog
 18430 | Lair:6   | Reached skill level 11 in Shields
 20195 | Lair:6   | Reached XP level 14. HP: 109/124 MP: 13/13
 20203 | Lair:6   | Reached skill level 12 in Shields
 20668 | D:10     | Entered Level 10 of the Dungeon
 20887 | D:10     | You fall into a shaft and drop 1 floor!
 21666 | D:11     | Reached skill level 13 in Shields
 21838 | D:11     | You fall into a shaft and drop 1 floor!
 21847 | D:12     | Found a staircase to the Orcish Mines.
 21893 | D:12     | Found a white marble altar of Elyvilon.
 21922 | D:12     | Got a pair of pitted gloves
 21923 | D:12     | Identified the cursed +0 pair of gloves "Kirousemm" {rCorr
                  | Dex+3 Slay+3} (You found it on level 12 of the Dungeon)
 21991 | D:12     | You fall into a shaft and drop 2 floors!
 22164 | D:14     | Reached skill level 14 in Shields
 22167 | D:14     | Found Lorchuin's Weapon Shop.
 22316 | D:14     | Received a gift from Trog
 22319 | D:14     | Got an encrusted war axe {god gift}
 22320 | D:14     | Identified the +7 war axe "Enuumenn" {vorpal, *Noise Str+5
                  | Dex+2} (Trog gifted it to you on level 14 of the Dungeon)
 22371 | D:14     | Noticed Rupert
 22372 | D:14     | Noticed Nessos
 22768 | D:13     | Reached skill level 15 in Shields
 22890 | D:13     | Noticed Kirke
 22894 | D:13     | Noticed Frances
 22905 | D:13     | Killed Kirke
 22912 | D:13     | Killed Frances
 23218 | D:13     | Reached skill level 16 in Shields
 23503 | D:11     | You fall into a shaft and drop 3 floors!
 23553 | D:14     | Killed Nessos
 23553 | D:14     | Reached XP level 15. HP: 33/129 MP: 14/14
 23909 | D:14     | Killed Rupert
 23909 | D:14     | Reached skill level 17 in Shields
 24003 | D:14     | Found a glowing golden altar of the Shining One.
 24080 | D:14     | Found a gate to the Vaults.
 24110 | D:14     | Received a gift from Trog
 24538 | D:12     | Noticed Jorgrun
 24556 | D:12     | Killed Jorgrun
 24616 | D:12     | Found Qoet's Gadget Shop.
 24731 | D:12     | Found a hide-covered altar of Uskayaw.
 25368 | D:11     | Reached skill level 18 in Shields
 25618 | D:12     | Noticed Snorg
 25627 | D:12     | Killed Snorg
 25633 | Orc:1    | Entered Level 1 of the Orcish Mines
 25744 | Orc:1    | Received a gift from Trog
 25912 | Orc:2    | Entered Level 2 of the Orcish Mines
 25918 | Orc:2    | Noticed Azrael
 25996 | Orc:2    | Killed Azrael
 26043 | Orc:2    | Found a staircase to the Elven Halls.
 26289 | Orc:2    | Noticed Donald
 26291 | Orc:2    | Found Zoikefro's Gadget Boutique.
 26346 | Orc:2    | Killed Donald
 26374 | Orc:2    | Found Nicawuwk's Gadget Shop.
 26394 | Orc:2    | Found a radiant altar of Vehumet.
 26395 | Orc:2    | Noticed Erolcha
 26401 | Orc:2    | Received a gift from Trog
 26412 | Orc:2    | Killed Erolcha
 26625 | Orc:2    | Reached skill level 19 in Shields
 26634 | Orc:2    | Noticed Nergalle
 26643 | Orc:2    | Killed Nergalle
 26644 | Orc:2    | Found an ancient bone altar of Kikubaaqudgha.
 26668 | Orc:2    | Found a roughly hewn altar of Beogh.
 26668 | Orc:2    | Found Guaw's Distillery.
 26841 | Orc:2    | Found Imoickef's Antique Armour Shop.
 26858 | Orc:2    | Bought the +1 cloak of Starlight {rElec rC+ EV+4 Stlth--}
                  | for 1068 gold pieces
 26858 | Orc:2    | Found the +1 cloak of Starlight {rElec rC+ EV+4 Stlth--}
 26897 | Orc:2    | Bought a pair of runed boots for 180 gold pieces
 26908 | Orc:2    | Bought a glowing hat for 168 gold pieces
 27157 | Orc:1    | Found Xoastrifo's Antique Weapon Boutique.
 27195 | Orc:1    | Paralysed by an orc sorcerer for 3 turns
 27408 | Snake:1  | Entered Level 1 of the Snake Pit
 27586 | Snake:1  | Noticed Roxanne
 27618 | Snake:1  | Killed Roxanne
 27920 | Snake:1  | Received a gift from Trog
 28147 | Snake:1  | Reached skill level 20 in Shields
 28420 | Snake:2  | Found Icalied's Gadget Boutique.
 28421 | Snake:2  | Found Qanoyf's Jewellery Emporium.
 28428 | Snake:2  | Found Tumoxouv's Gadget Boutique.
 28472 | Snake:2  | Reached XP level 16. HP: 115/137 MP: 15/15
 29388 | Snake:2  | Reached skill level 5 in Dodging
 30066 | Snake:3  | Noticed Aizul
 30090 | Snake:3  | Killed Aizul
 31633 | Snake:4  | Entered Level 4 of the Snake Pit
 31648 | Snake:4  | Received a gift from Trog
 31656 | Snake:4  | Got a jewelled cloak
 31657 | Snake:4  | Identified the +1 cloak of Insecurity {Str+3 Int+2} (You
                  | found it on level 4 of the Snake Pit)
 31910 | Snake:4  | Found Betoikh's Jewellery Boutique.
 33316 | Snake:4  | Reached XP level 17. HP: 148/148 MP: 16/16
 33320 | Snake:4  | Reached skill level 10 in Dodging
 33343 | Snake:4  | Received a gift from Trog
 33369 | Snake:4  | Got a masterwork broad axe {god gift}
 33370 | Snake:4  | Identified the +2 broad axe of the Battered Souls {flame,
                  | Dex+6} (Trog gifted it to you on level 4 of the Snake Pit)
 34288 | Snake:4  | Got a serpentine rune of Zot
 34558 | Shoals:1 | Entered Level 1 of the Shoals
 34698 | Shoals:1 | Received a gift from Trog
 35611 | Shoals:2 | Found a basalt altar of Yredelemnul.
 36194 | Shoals:3 | Found a hide-covered altar of Uskayaw.
 36540 | Shoals:3 | Received a gift from Trog
 36799 | Shoals:4 | Entered Level 4 of the Shoals
 36895 | Shoals:4 | Got a glittering tin amulet
 36909 | Shoals:4 | Identified the amulet of Jixkatipp {Acrobat Int+2} (You
                  | found it on level 4 of the Shoals)
 37118 | Shoals:4 | Reached skill level 15 in Fighting
 37133 | Shoals:4 | Noticed a kraken
 37173 | Shoals:4 | Reached skill level 21 in Shields
 37283 | Shoals:4 | Killed a kraken
 37283 | Shoals:4 | Reached XP level 18. HP: 91/163 MP: 17/17
 37293 | Shoals:4 | Got a barnacled rune of Zot
 37728 | Shoals:4 | Cast into level 2 of the Abyss (merfolk)
 37750 | Shoals:4 | Escaped the Abyss
 38604 | Vaults:1 | Entered Level 1 of the Vaults
 38617 | Vaults:1 | Received a gift from Trog
 39246 | Vaults:1 | Received a gift from Trog
 39246 | Vaults:1 | Reached skill level 22 in Shields
 39664 | Vaults:1 | Received a gift from Trog
 40179 | Vaults:1 | Noticed Asterion
 40188 | Vaults:1 | Killed Asterion
 40188 | Vaults:1 | Reached XP level 19. HP: 120/178 MP: 18/18
 40885 | Vaults:2 | Found a staircase to the Crypt.
 40985 | Vaults:2 | Received a gift from Trog
 40992 | Vaults:2 | Reached skill level 23 in Shields
 41253 | Vaults:2 | Found Nipeej's Antique Armour Shoppe.
 41395 | Vaults:2 | Received a gift from Trog
 41542 | Vaults:2 | Paralysed by an ogre mage for 4 turns
 42050 | Crypt:1  | Entered Level 1 of the Crypt
 42476 | Vaults:3 | Found Medefest's Distillery.
 42476 | Vaults:3 | Identified the +3 quarterstaff "Teghayma" {vorpal, rN+
                  | Dex+3}
 42476 | Vaults:3 | Identified the +9 quarterstaff "Mauges" {vorpal, *Corrode
                  | rF+++ Str+4 Dex-5}
 42487 | Vaults:3 | Received a gift from Trog
 43424 | Vaults:4 | Reached skill level 24 in Shields
 43426 | Vaults:4 | Reached XP level 20. HP: 172/193 MP: 19/19
 43712 | Vaults:4 | Received a gift from Trog
 44590 | Vaults:5 | Entered Level 5 of the Vaults
 44591 | Vaults:5 | Noticed an ancient lich
 44912 | Vaults:4 | Received a gift from Trog
 44921 | Vaults:4 | Killed an ancient lich
 45032 | Vaults:5 | Identified the +11 hand axe "Boweid" {vamp, rC+ rN+}
 45109 | Vaults:5 | Noticed a golden dragon
 45110 | Vaults:5 | Noticed Xtahua
 45113 | Vaults:5 | Noticed an ancient lich
 45151 | Vaults:5 | Noticed a golden dragon
 45158 | Vaults:5 | Hit by a large rock thrown by a stone giant

Illustrated notes

Levels and vault maps discovered:
D:1:      heliophobic_arrival_dark_side_of_the_moon, layout_basic,
          grunt_decor_mini_mirrors
D:2:      layout_loops_corners, gammafunk_temple_overflow_forgotten
D:3:      layout_basic, minmay_overflow_temple_star_hex, portal_sewer_entry_a,
          serial_bayou_ford_a, minmay_fractal_squares_diagonal_5
D:4:      layout_basic, old_standard_altar, grunt_ministairs_9, st_stairs_1,
          nicolae_gozag_zags_fifth_avenue, uniq_menkaure
D:5:      layout_cave_pools, kennysheep_ying_yang, first_ration,
          serial_gnoll_camp, gnoll_camp_mini_hut, gnoll_camp_huts_basic,
          gnoll_camp_mini_house, gnoll_camp_medium_02, gnoll_camp_mini_doghouse
D:6:      layout_loops_ring, kennysheep_mini, lemuel_round_altar
D:7:      layout_loops_ring, minmay_temple_entry_hall, grunt_ogre_cave,
          eino_jars
D:8:      layout_layer_cave, slow_altar_1, minmay_misc_feat_secret_circle,
          uniq_grum, uniq_erica
D:9:      layout_small_grid, erik_lair_orcish_takeover, enter_bailey_7,
          minivault_12, uniq_maurice
D:10:     layout_irregular_city, hangedman_decor_riveting
D:11:     layout_small_grid, lightli_orcish_oven
D:12:     layout_roguey, orc_david_3, serial_shops,
          nicolae_shop_window_shopping, hangedman_feature_mirror, uniq_jorgrun,
          uniq_snorg
D:13:     layout_long_grid, uniq_kirke, uniq_frances
D:14:     layout_rooms, david_vaults_3, serial_shops, kennysheep_mini_moat,
          nicolae_tso_swordbearing_angel
Lair:1:   layout_gridlike, st_stairs_6, lemuel_centaur_altar
Lair:2:   dpeg_oklob_gauntlet, layout_misc_corridors,
          minmay_snake_entry_guardpost_small, beast_lair_carwin_1,
          infiniplex_staircase_pool_2, grunt_megastairs_2
Lair:3:   layout_hall_layers
Lair:4:   layout_roguey, minmay_shoals_entry_centaurs, gammafunk_ghost_split,
          special_room [special_room_mythical_zoo]
Lair:5:   layout_layer_cave, slime_altar_2, nicolae_volcano_entry_s_turn,
          tgw_fedhas
Lair:6:   evilmike_catoblepas_cave, layout_cave_pods, cheibrodos_lair_lostbears,
          grunt_megastairs_5, serial_bayou_shore_b
Shoals:1: layout_shoals
Shoals:2: layout_shoals, nicolae_shoals_square_sea_wall, lemuel_oklob_altar
Shoals:3: layout_shoals, regret_index_shoals_crete
Shoals:4: shoals_end_hangedman, layout_shoals, nicolae_shoals_circle_sea_wall,
          nicolae_shoals_cliffside_cave
Snake:1:  layout_basic, nicolae_snake_double_loop, drop_trap, uniq_roxanne
Snake:2:  layout_grid_maze, minmay_shop_grove
Snake:3:  layout_chambers, uniq_aizul
Snake:4:  johnstein_snake_rune_scales, layout_cave_town, serial_shops, shop
Orc:1:    layout_caves, serial_shops, shop
Orc:2:    kennysheep_orc_mage_school, layout_diamond_mine, uniq_azrael,
          uniq_donald
Vaults:1: dpeg_vaults_pockets_of_resistance, ontoclasm_vaults_ring_small,
          v_misc_5, v_misc_2, nicolae_vaults_twisting_passages,
          nicolae_vaults_ring_of_whatevers, v_misc_30,
          nicolae_vaults_diagonal_hallway_8, v_alt_pattern_5,
          dpeg_vaults_monster_row, layout_vaults_omnicross, uniq_asterion
Vaults:2: vaults_room_pool, v_misc_9, minmay_crypt_entry_simple_box,
          vaults_standard_mumra_enter_the_diamond,
          vaults_mumra_minichess_inversion, nicolae_vaults_yaktaur_gun_rack,
          nicolae_vaults_minivaults, vaults_room_boxed, v_pattern_3,
          hangedman_vaults_stretched_pinwheel, nicolae_vaults_little_squares_3,
          ontoclasm_vaults_fault, layout_vaults_maze_snakey, serial_shops,
          nicolae_shop_crystal
Vaults:3: nicolae_vaults_circle_grid_b, nicolae_vaults_diagonal_hallway_6,
          ontoclasm_vaults_shuriken, nicolae_vaults_little_squares_6, v_misc_22,
          v_misc_8, ontoclasm_vaults_decontamination, layout_vaults_quadrants,
          serial_shops, shop
Vaults:4: nicolae_vaults_little_squares_4, v_misc_24, vaults_mumra_lcd,
          ontoclasm_vaults_spin, grunt_vaults_twisty,
          nicolae_vaults_fighting_squares, ontoclasm_vaults_ligature, v_misc_14,
          nicolae_vaults_little_squares_5, vaults_room_grunt_arrival_ludios,
          layout_vaults_big_room
Vaults:5: uniq_margery, uniq_xtahua
Crypt:1:  layout_chaotic_city, gammafunk_ghost_abyssal_escape, basic_altar,
          minmay_guarded_unrand_curses

Skill      XL: |  1  2  3  4  5  6  7  8  9 10 11 12 13 14 15 16 17 18 19 20 |
---------------+-------------------------------------------------------------+-----
Axes           | 4 5 7 8 10 11 12 14 16 18 20 | 20.4
Shields        | 6 9 11 16 20 21 22 24 | 24.3
Fighting       | 4 7 9 11 12 15 17 19 22 | 22.0
Armour         | 3 11 13 14 | 14.0
Dodging        | 3 9 11 | 11.5

Action                   |  1- 3 |  4- 6 |  7- 9 | 10-12 | 13-15 | 16-18 | 19-21 || total
-------------------------+-------+-------+-------+-------+-------+-------+-------++-------
Melee: Hand axe          |    56 |   168 |   350 |   655 |       |       |       ||  1229
       Headbutt          |     8 |    31 |    57 |   177 |   297 |   328 |   208 ||  1106
       Unarmed           |       |       |       |     1 |       |       |       ||     1
       Broad axe         |       |       |       |    92 |  1095 |  1171 |   665 ||  3023
       Executioner's axe |       |       |       |     4 |    65 |       |       ||    69
Throw: Throwing net      |       |       |       |     4 |     2 |       |       ||     6
Invok: Berserk           |       |     1 |     2 |     5 |     2 |     1 |       ||    11
       Trog's Hand       |       |       |     1 |     2 |     3 |     1 |       ||     7
       Brothers in Arms  |       |       |       |     1 |     1 |       |       ||     2
 Abil: Stop Flying       |       |       |       |       |       |     1 |     1 ||     2
       Evoke Flight      |       |       |       |       |       |     1 |       ||     1
Evoke: Wand              |       |     2 |     2 |    57 |     4 |     1 |       ||    66
  Use: Potion            |       |       |     3 |     6 |     2 |     3 |     4 ||    18
       Scroll            |       |       |     7 |    11 |     8 |    21 |     4 ||    51
 Stab: Paralysed         |       |     3 |       |       |     1 |       |       ||     4
  Eat: Chunk             |       |     9 |    11 |    29 |    38 |    20 |    15 ||   122
       Ration            |       |       |     1 |     2 |     1 |     6 |     1 ||    11
Armor: Animal skin       |     3 |       |       |       |       |       |       ||     3
       Ring mail         |    17 |    52 |    75 |       |       |       |       ||   144
       Skin              |       |       |    13 |       |       |       |       ||    13
       Scale mail        |       |       |     4 |    38 |       |       |       ||    42
       Crystal plate arm |       |       |       |   301 |   676 |   364 |   199 ||  1540
Dodge: Dodged            |    43 |    77 |   162 |   206 |   189 |   365 |   210 ||  1252
Block: Buckler           |       |       |    31 |   176 |   113 |       |       ||   320
       Kite shield       |       |       |       |       |   359 |   772 |   431 ||  1562
       Reflection        |       |       |       |       |    20 |   135 |    31 ||   186
